 Dungeon Crawl Stone Soup version 0.30-a0-571-gdf30a72648 (webtiles) character file.

Game seed: 184342277636513563

109 Jase the Slasher (level 5, -18/38 HPs)
             Began as a Djinni Gladiator on Dec 29, 2022.
             Demolished by a kobold
             ... wielding a +0 dagger of distortion
              (25 damage)
             ... on level 2 of the Dungeon.
             The game lasted 00:02:37 (1392 turns).

Jase the Slasher (Djinni Gladiator)                 Turns: 1392, Time: 00:02:37

Health: -18/38     AC:  4    Str: 19    XL:     5   Next: 13%
Gold:   55         EV: 12    Int: 11    God:
                   SH:  0    Dex: 15

rFire   + + .      SeeInvis .    a - +0 long sword
rCold   x . .      Faith    .    (no shield)
rNeg    . . .      Spirit   .    b - +0 leather armour
rPois   ∞          Reflect  .    c - +0 helmet
rElec   .          Harm     .    (no cloak)
rCorr   .          Rampage  .    (no gloves)
Will    .....                    (boots unavailable)
Stlth   +                        (no amulet)
HPRegen 0.26/turn                i - +6 ring of strength
MPRegen 0.00/turn                (no ring)

@: flying
A: sickness immunity, fire resistance 2, cold vulnerability 1, float, innate
caster, HP casting, extra vitality 1
a: no special abilities


You were on level 2 of the Dungeon.
You visited 1 branch of the dungeon, and saw 2 of its levels.

You collected 55 gold pieces.

Inventory:

Hand Weapons
 a - a +0 long sword (weapon)
Missiles
 d - 3 throwing nets (quivered)
 e - a javelin
 g - 5 poisoned darts
Armour
 b - a +0 leather armour (worn)
 c - a +0 helmet (worn)
Jewellery
 i - a +6 ring of strength (left hand)
 q - an amulet of the acrobat
Scrolls
 f - a scroll of blinking {unknown}
 h - 2 scrolls of amnesia {unknown}
 j - a scroll of magic mapping {unknown}
 k - a scroll of enchant armour {unknown}
 m - 4 scrolls of identify {unknown}
Potions
 l - 4 potions of heal wounds {unknown}
 n - a potion of attraction {unknown}
 o - a potion of degeneration {unknown}
 p - a potion of curing {unknown}


   Skills:
 - Level 2.0 Fighting
 + Level 4.0 Long Blades
 - Level 1.5 Throwing
 - Level 3.2 Dodging
 + Level 2.1 Spellcasting


You had 5 spell levels left.
You knew the following spells:

 Your Spells              Type           Power      Damage    Failure   Level
a - Sandblast             Erth           10%        2d5       14%         1
b - Call Imp              Summ           5%         N/A       22%         2
Your spell library was empty.

Dungeon Overview and Level Annotations

Branches:
Dungeon (2/15)

Altars:
Xom


Innate Abilities, Weirdness & Mutations

You are immune to sickness and miasma.
You are immune to poison.
Your flesh is very heat resistant. (rF++)
You are vulnerable to cold. (rC-)
You float through the air rather than walking.
You learn spells naturally, not from books.
Your magical power is your life essence.
You have superior vitality. (+4 MHP)


Message History

Your shadow imp closely misses the adder.
The adder bites your shadow imp.
Your shadow imp barely misses the adder.
The adder bites your shadow imp.
Your shadow imp closely misses the adder.
The adder barely misses your shadow imp.
The adder misses your shadow imp.
Your shadow imp closely misses the adder.
Your shadow imp disappears in a puff of smoke!
Casting: Call Imp (safe; 22% risk of failure)
Confirm with . or Enter, or press ? or * to list all spells.
Okay, then.
Casting: Call Imp (safe; 22% risk of failure)
Confirm with . or Enter, or press ? or * to list all spells.
You miscast Call Imp.
You are very lightly contaminated with residual magic.
Nothing appears to happen.
You barely miss the adder. The adder closely misses you.
The adder bites you but does no damage.
You hit the adder.
The adder is heavily wounded.
The adder completely misses you.
You slash the adder!
You kill the adder!
The endoplasm completely misses you.
Unknown command.
You slash the endoplasm!
You kill the endoplasm!
Your Long Blades skill increases to level 4!
You closely miss the kobold.
The kobold hits you with a +0 dagger of distortion.
Space warps horribly around you!
* * * LOW HITPOINT WARNING * * *
You closely miss the kobold. The kobold closely misses you.
Your magical contamination has completely faded away.
You completely miss the kobold. The kobold closely misses you.
You barely miss the kobold. The kobold hits you but does no damage.
Space warps horribly around you!!
Ouch! That really hurt!
You die...

#.# #.# #.#
##########.######
#.......†.........
#.#####.##########
#†.#
#######†############.#
...........†.K@.......
#...##.....######+####
#.#.....##.#S..#
#..##....'.K.+
..........#...#
################


You could see a kobold.

Vanquished Creatures
  6 adders (D:2)
  A worm (D:2)
  2 dart slugs
  3 ball pythons (D:1)
  2 bats (D:2)
  5 endoplasms
  3 giant cockroaches
  4 goblins
  7 hobgoblins
  7 kobolds
  A quokka (D:1)
  3 frilled lizards
  5 rats
49 creatures vanquished.

Notes
Turn   | Place    | Note
-------+----------+-------------------------------------------
     0 | D:1      | Jase the Djinni Gladiator began the quest for the Orb.
     0 | D:1      | Reached XP level 1. HP: 18/18 MP: 0/0
     2 | D:1      | Noticed a naga
     2 | D:1      | Noticed a spriggan
     4 | D:1      | Noticed a demonspawn
     6 | D:1      | Noticed a meteoran
     6 | D:1      | Noticed a vine stalker
     8 | D:1      | Noticed a draconian
     8 | D:1      | Noticed a gargoyle
    10 | D:1      | Noticed a ghoul
    10 | D:1      | Noticed a tengu
    12 | D:1      | Noticed an octopode
    12 | D:1      | Noticed an armataur
    14 | D:1      | Noticed a minotaur
    14 | D:1      | Noticed a troll
    16 | D:1      | Noticed a human
    16 | D:1      | Noticed an elf
    18 | D:1      | Noticed a vampire
    18 | D:1      | Noticed an ogre
    20 | D:1      | Noticed a merfolk
    22 | D:1      | Noticed a demigod
    24 | D:1      | Noticed a felid
    24 | D:1      | Noticed a vampire
    26 | D:1      | Noticed a merfolk
    26 | D:1      | Noticed a vampire
    98 | D:1      | Reached XP level 2. HP: 23/23 MP: 0/0
   103 | D:1      | Reached skill level 3 in Long Blades
   342 | D:1      | Reached skill level 1 in Spellcasting
   485 | D:1      | Reached XP level 3. HP: 26/28 MP: 0/0
   485 | D:1      | Learned a level 1 spell: Sandblast
   789 | D:2      | Reached XP level 4. HP: 29/33 MP: 0/0
   924 | D:2      | Found a shimmering altar of Xom.
  1371 | D:2      | Reached XP level 5. HP: 28/38 MP: 0/0
  1371 | D:2      | Learned a level 2 spell: Call Imp
  1389 | D:2      | Reached skill level 4 in Long Blades
  1392 | D:2      | Demolished by a kobold

Illustrated notes

Levels and vault maps discovered:
D:1:      kb_arrival_jail, layout_loops_ring
D:2:      minmay_thinvault, layout_loops_ring, basic_altar

Skill      XL: |  1  2  3  4  5 |
---------------+----------------+-----
Long Blades    | 3 4 |  4.0
Spellcasting   | 1 2 |  2.1
Fighting       | |  2.0
Throwing       | |  1.5
Dodging        | |  3.2

Action                   |  1- 3 |  4- 6 || total
-------------------------+-------+-------++-------
Melee: Long sword        |    95 |    65 ||   160
 Cast: Call Imp          |       |     1 ||     1
 Stab: Sleeping          |     1 |       ||     1
Armor: Leather armour    |    36 |    28 ||    64
Dodge: Dodged            |    57 |    47 ||   104

Table legend: (Time is in decaauts)
 A = Elapsed time spent in this place.
 B = Non-inter-level travel time spent in this place.
 C = Inter-level travel time spent in this place.
 D = Time resting spent in this place.
 E = Time spent auto-exploring this place.
 F = Levels seen in this place.
 G = Mean time per level.
                   A        B        C        D        E       F      G
               +--------+--------+--------+--------+--------+-----+--------+
         Total |   1428 |   1412 |     16 |     54 |   1000 |   2 |  714.0 |
       Dungeon |   1428 |   1412 |     16 |     54 |   1000 |   2 |  714.0 |
               +--------+--------+--------+--------+--------+-----+--------+

Top non-repeatable levels by time:
     D:2: 728 daAuts
     D:1: 699 daAuts
